[Event "Titled Tuesday Blitz January 10 Early 2023"]
[White "Klukin, Kirill"]
[Black "Garakov, Mikhael"]
[WhiteFideId "24199273"]
[BlackFideId "4169034"]
[WhiteElo "2390"]
[BlackElo "2447"]
[Result "0-1"]
[Round "06"]
[TimeControl "180+2"]
[Date "2023.01.10"]
[WhiteClock "0:00:04"]
[BlackClock "0:00:14"]

1. b3 Nf6 2. Bb2 g6 3. e3 Bg7 4. f4 O-O 5. Nf3 c5 6. Be2 Nc6 7. O-O d6 8. c4 Rb8 9. Nc3 a6 10. d3 b5 11. Qd2 e6 12. Rad1 b4 13. Nb1 Bb7 14. d4 Ne4 15. Qc2 Ne7 16. Nbd2 Nc3 17. Bxc3 bxc3 18. Nb1 Bxf3 19. Bxf3 cxd4 20. exd4 Nf5 21. Qxc3 Qb6 22. Kh1 Bxd4 23. Qd3 e5 24. Rfe1 Kg7 25. Nc3 Qd8 26. Nd5 Qh4 27. Be4 Nh6 28. f5 Ng4 29. Qg3 Nf2+ 30. Kg1 Nxe4+ 31. Kf1 Nxg3+ 0-1


[Site "https://www.chess.com"]

[Event "Titled Tuesday Blitz January 10 Early 2023"]
[White "Defend, Balint"]
[Black "Hambleton, Aman"]
[WhiteFideId "17004853"]
[BlackFideId "2606577"]
[WhiteElo "1673"]
[BlackElo "2420"]
[Result "0-1"]
[Round "06"]
[TimeControl "180+2"]
[Date "2023.01.10"]
[WhiteClock "0:00:20"]
[BlackClock "0:00:23"]

1. e4 c5 2. Nf3 e6 3. c3 Nf6 4. e5 Nd5 5. d4 cxd4 6. cxd4 d6 7. Bc4 Nb6 8. Bb3 Nc6 9. Qe2 Be7 10. O-O Bd7 11. Nc3 d5 12. Bf4 Na5 13. Nb5 Nxb3 14. axb3 Bxb5 15. Qxb5+ Qd7 16. Qxb6 axb6 17. Rxa8+ Bd8 18. Rc1 O-O 19. Rcc8 Be7 20. Rxf8+ Bxf8 21. h4 h6 22. g4 Qe7 23. Bd2 Kh7 24. g5 h5 25. g6+ Kxg6 26. Kg2 f6 27. exf6 gxf6 28. Bf4 Bh6 29. Bg3 Qd7 30. Rb8 Kf5 31. Rh8 Bg7 32. Rb8 Qc6 33. Re8 Qxe8 34. Ng1 b5 35. Kf3 Bh6 36. Bh2 b4 37. Ne2 Kg6 38. Ng3 Qd7 39. Ne2 Qb5 40. Bf4 Qd3+ 41. Be3 Bxe3 42. fxe3 Qe4+ 43. Kf2 Qc2 44. Kf3 e5 45. Ng3 Qxb2 46. dxe5 fxe5 47. e4 Qxb3+ 48. Kg2 Qxg3+ 49. Kxg3 d4 50. Kf3 Kf6 51. Ke2 Ke6 52. Kd3 Kd6 53. Kc4 Kc6 54. Kxb4 b5 55. Ka3 Kc5 56. Kb3 b4 57. Kc2 Kc4 58. Kd2 b3 59. Kd1 d3 60. Kd2 Kd4 61. Kd1 Kxe4 62. Kd2 Kd4 63. Kd1 e4 64. Kc1 e3 65. Kd1 Ke4 66. Ke1 Kf4 67. Kd1 Kg4 68. Ke1 Kxh4 69. Kd1 Kg3 70. Kc1 h4 71. Kb2 Kf2 72. Kc3 d2 0-1


[Site "https://www.chess.com"]

[Event "Titled Tuesday Blitz January 10 Early 2023"]
[White "Gaitan, Juan Manuel"]
[Black "Krysa, Leandro"]
[WhiteFideId "121657"]
[BlackFideId "116807"]
[WhiteElo "2328"]
[BlackElo "2541"]
[Result "1/2-1/2"]
[Round "06"]
[TimeControl "180+2"]
[Date "2023.01.10"]
[WhiteClock "0:00:29"]
[BlackClock "0:00:18"]

1. Nf3 d5 2. g3 c6 3. Bg2 Bg4 4. O-O Nd7 5. b3 e5 6. Bb2 Bd6 7. c4 Ngf6 8. d3 O-O 9. Qc2 Re8 10. e4 a5 11. exd5 cxd5 12. Nbd2 h6 13. Rae1 Qc7 14. Qb1 d4 15. a3 Bf5 16. Nh4 Bh7 17. Ne4 Nxe4 18. Bxe4 Bxe4 19. Rxe4 Nc5 20. Re2 Nxb3 21. Rfe1 a4 22. Nf5 Bc5 23. f4 e4 24. Rxe4 Rxe4 25. dxe4 d3+ 26. Kg2 d2 27. Rd1 f6 28. e5 Qc6+ 29. Kh3 fxe5 30. Bxe5 Bf8 31. Qd3 Rc8 32. g4 Qxc4 33. Nxh6+ Kh8 34. Qg6 Qe2 35. Nf7+ Kg8 36. Nh6+ Kh8 37. Nf7+ Kg8 38. Nh6+ Kh8 1/2-1/2


[Site "https://www.chess.com"]

[Event "Titled Tuesday Blitz January 10 Early 2023"]
[White "Garcia Ramos, Daniel"]
[Black "Pein, Jonathan"]
[WhiteFideId "32010311"]
[BlackFideId "417092"]
[WhiteElo "2442"]
[BlackElo "2265"]
[Result "1-0"]
[Round "06"]
[TimeControl "180+2"]
[Date "2023.01.10"]
[WhiteClock "0:00:17"]
[BlackClock "0:00:02"]

1. b3 a5 2. e4 a4 3. Nf3 axb3 4. cxb3 d6 5. Bb2 e5 6. Nc3 Nf6 7. Bc4 Be7 8. O-O O-O 9. h3 c6 10. d4 exd4 11. Nxd4 Nbd7 12. Rc1 Nc5 13. Qc2 Re8 14. b4 Ne6 15. Rfd1 Qb6 16. Nf5 Qxb4 17. Bb3 Nc5 18. Nxe7+ Rxe7 19. Rxd6 Bxh3 20. Rxf6 Nxb3 21. axb3 gxf6 22. gxh3 Rd8 23. Rd1 Rxd1+ 24. Qxd1 Re5 25. f4 Rc5 26. Qg4+ Kf8 27. Qc8+ Kg7 28. Qg4+ Kf8 29. Qg3 Qxb3 30. f5 Qxb2 31. Qd6+ Kg7 32. Qxc5 Qc1+ 33. Kf2 Qd2+ 34. Ne2 Qd7 35. Qe3 b5 36. Nf4 Qd6 37. Nh5+ Kf8 38. Nf4 b4 39. Nd3 b3 40. Ke1 1-0


[Site "https://www.chess.com"]

[Event "Titled Tuesday Blitz January 10 Early 2023"]
[White "Skvortsov, Andrei"]
[Black "Buchenau, Frank"]
[WhiteFideId "24108600"]
[BlackFideId "4604350"]
[WhiteElo "2313"]
[BlackElo "2222"]
[Result "1-0"]
[Round "06"]
[TimeControl "180+2"]
[Date "2023.01.10"]
[WhiteClock "0:00:06"]
[BlackClock "0:00:01"]

1. c4 e5 2. Nc3 Nf6 3. Nf3 Nc6 4. e3 Bb4 5. Qc2 d6 6. a3 Bxc3 7. Qxc3 e4 8. Nd4 Ne5 9. Be2 O-O 10. f4 exf3 11. Nxf3 Bg4 12. Nxe5 Bxe2 13. Kxe2 dxe5 14. Qxe5 Re8 15. Qf5 Qd6 16. Rf1 Rad8 17. g3 Re4 18. Rf4 Qd3+ 19. Ke1 Qxc4 20. Rxe4 Nxe4 21. Qf1 Qc2 22. Qe2 Rd3 23. a4 Nc5 24. Qg4 f5 25. Qd1 Qc4 26. b3 Qe4 27. Qe2 Nxb3 28. Rb1 Rxd2 29. Bxd2 Qxb1+ 30. Kf2 Qc2 31. Be1 Qxe2+ 32. Kxe2 Kf7 33. Bb4 c5 34. Bc3 g6 35. Kd3 b6 36. Kc4 Nc1 37. Kb5 Na2 38. Bb2 Ke6 39. Ka6 c4 40. Kxa7 c3 41. Ba3 c2 42. Kxb6 c1=Q 43. Bxc1 Nxc1 44. a5 Nd3 45. a6 Nb4 46. a7 Nd5+ 47. Kb7 1-0


[Site "https://www.chess.com"]

[Event "Titled Tuesday Blitz January 10 Early 2023"]
[White "Tatarinov, Dmitry"]
[Black "Perez Rodriguez, Luis Manuel"]
[WhiteFideId "24160067"]
[BlackFideId "3503364"]
[WhiteElo "2310"]
[BlackElo "2329"]
[Result "0-1"]
[Round "06"]
[TimeControl "180+2"]
[Date "2023.01.10"]
[WhiteClock "0:02:20"]
[BlackClock "0:02:52"]

1. c4 e5 2. Nf3 Nc6 3. Nc3 Nf6 4. e4 Bc5 5. Nxe5 Nxe5 6. d4 Bb4 7. dxe5 Nxe4 8. Qf3 Nxc3 9. bxc3 Ba5 10. Qg3 Qe7 11. Qg4 0-1


[Site "https://www.chess.com"]

[Event "Titled Tuesday Blitz January 10 Early 2023"]
[White "Ladan, Nicholas"]
[Black "Csonka, Balazs"]
[WhiteFideId "30918855"]
[BlackFideId "742910"]
[WhiteElo "2228"]
[BlackElo "2496"]
[Result "1-0"]
[Round "06"]
[TimeControl "180+2"]
[Date "2023.01.10"]
[WhiteClock "0:00:23"]
[BlackClock "0:00:01"]

1. b4 e5 2. Bb2 Bxb4 3. Bxe5 Nf6 4. c3 Ba5 5. Nf3 O-O 6. e3 d5 7. d4 Nbd7 8. Bg3 Ne4 9. Bd3 Nxc3 10. Qd2 c5 11. Nxc3 c4 12. Bb1 b5 13. O-O g6 14. a4 b4 15. Nxd5 Bb7 16. e4 Bxd5 17. exd5 b3 18. Qh6 Qf6 19. Ne5 Nb6 20. Ng4 Qg7 21. Nf6+ Kh8 22. Qxg7+ Kxg7 23. Be5 c3 24. Bd3 c2 25. Rac1 Rfc8 26. Nd7+ Kg8 27. Nc5 Bd2 28. Nxb3 Bxc1 29. Rxc1 Rc3 30. Nc5 Ra3 31. Bxc2 Nc4 32. Bd1 Nxe5 33. dxe5 Rc8 34. d6 Kg7 35. d7 Rd8 36. Bf3 Ra2 37. Bc6 Rd2 38. Nb7 R8xd7 39. Bxd7 Rxd7 40. Nd6 Re7 41. f4 Rd7 42. Rc8 Kh6 43. g4 f5 44. h3 fxg4 45. hxg4 g5 46. f5 a5 47. Rc6 Rc7 48. Nf7+ Kg7 49. Rxc7 1-0


[Site "https://www.chess.com"]

[Event "Titled Tuesday Blitz January 10 Early 2023"]
[White "Estrada Nieto, Julian"]
[Black "Ordekalog"]
[WhiteFideId "5101018"]
[WhiteElo "2215"]
[BlackElo "2635"]
[Result "1/2-1/2"]
[Round "06"]
[TimeControl "180+2"]
[Date "2023.01.10"]
[WhiteClock "0:00:12"]
[BlackClock "0:00:03"]

1. e4 d5 2. exd5 Nf6 3. d4 Nxd5 4. Nf3 g6 5. Bc4 Bg7 6. h3 O-O 7. O-O Nc6 8. c3 Nb6 9. Bb3 e5 10. Bg5 Qd6 11. Nbd2 Bf5 12. dxe5 Nxe5 13. Nxe5 Qxe5 14. Nf3 Qa5 15. Qc1 Rfe8 16. Bh6 Rad8 17. Qg5 Nd5 18. Bxg7 Kxg7 19. Nd4 Bc8 20. Rfe1 f6 21. Qg3 Qc5 22. Rxe8 Rxe8 23. Bxd5 Qxd5 24. Qxc7+ Qf7 25. Qxf7+ Kxf7 26. Rd1 Re5 27. f3 Bd7 28. Kf2 h5 29. h4 g5 30. Kg3 Rd5 31. Rd2 a6 32. Nb3 Be6 33. Rxd5 Bxd5 34. Nc5 Bxa2 35. Nxb7 Kg6 36. Nc5 Bc4 37. f4 gxh4+ 38. Kxh4 Kf5 39. g3 Be2 40. Nd7 Ke6 41. Nc5+ Kd5 42. Nd7 Ke6 43. Nf8+ Kf7 44. Nd7 Ke6 1/2-1/2


[Site "https://www.chess.com"]

[Event "Titled Tuesday Blitz January 10 Early 2023"]
[White "Ortega Ruiz, Jose Miguel"]
[Black "Martinez Ramirez, Lennis"]
[WhiteFideId "2209713"]
[BlackFideId "3509079"]
[WhiteElo "2351"]
[BlackElo "2426"]
[Result "0-1"]
[Round "06"]
[TimeControl "180+2"]
[Date "2023.01.10"]
[WhiteClock "0:01:30"]
[BlackClock "0:02:04"]

1. Nf3 d5 2. g3 Nf6 3. Bg2 Bf5 4. O-O e6 5. c4 h6 6. d4 c6 7. Ne5 Nbd7 8. Nc3 Bh7 9. f4 Bb4 10. cxd5 cxd5 11. Bd2 O-O 12. a3 Bxc3 13. Bxc3 a5 14. e3 Qb6 15. Qa4 Nxe5 16. fxe5 Ne4 17. Rac1 Bg6 18. Qd1 Nxc3 19. bxc3 Rfc8 20. Qa4 Qc6 21. Qxc6 Rxc6 22. c4 Rxc4 23. Rxc4 dxc4 24. Bxb7 Rb8 25. Bc6 c3 26. Ba4 c2 27. Bxc2 Bxc2 28. Kf2 Rb2 29. Kf3 Ra2 30. Rc1 h5 31. h3 g5 32. g4 h4 33. a4 Kg7 34. e4 Ra3+ 35. Kf2 Bxe4 36. Rc5 Rxa4 37. Ke3 Bd5 38. Rc3 Rb4 39. Ra3 Rb3+ 40. Kf2 0-1


[Site "https://www.chess.com"]

[Event "Titled Tuesday Blitz January 10 Early 2023"]
[White "Papasimakopoulos, Alexandros"]
[Black "Goldin, Roman"]
[WhiteFideId "4244125"]
[BlackFideId "2803860"]
[WhiteElo "2401"]
[BlackElo "2322"]
[Result "1-0"]
[Round "06"]
[TimeControl "180+2"]
[Date "2023.01.10"]
[WhiteClock "0:00:22"]
[BlackClock "0:00:01"]

1. d4 Nf6 2. c4 Nc6 3. Nf3 e6 4. a3 g6 5. Nc3 Bg7 6. d5 Ne7 7. e4 d6 8. Be2 O-O 9. O-O e5 10. Ne1 Nd7 11. f3 f5 12. Be3 Nf6 13. Nd3 Nh5 14. Qd2 Kh8 15. b4 f4 16. Bf2 g5 17. c5 Nf6 18. Rac1 Bd7 19. b5 b6 20. cxd6 cxd6 21. Nb4 g4 22. Nc6 Qe8 23. Kh1 Ng6 24. a4 Rg8 25. fxg4 Nxg4 26. Bg1 Bh6 27. Nd1 Nh4 28. Bf3 Qf7 29. h3 Nf6 30. Qb4 Nh5 31. Bf2 Nxf3 32. Qxd6 Bxh3 33. gxh3 Qg7 34. Ne3 Ng3+ 35. Bxg3 Qxg3 36. Qf6+ Bg7 37. Rxf3 1-0


[Site "https://www.chess.com"]

[Event "Titled Tuesday Blitz January 10 Early 2023"]
[White "Liyanage, Ranindu Dilshan"]
[Black "Fernandez Garcia, Gumersindo"]
[WhiteFideId "9915834"]
[BlackFideId "24516740"]
[WhiteElo "2342"]
[BlackElo "2160"]
[Result "0-1"]
[Round "06"]
[TimeControl "180+2"]
[Date "2023.01.10"]
[WhiteClock "0:00:18"]
[BlackClock "0:00:21"]

1. c4 Nf6 2. Nc3 e5 3. Nf3 e4 4. Ng5 b5 5. d3 exd3 6. Qxd3 b4 7. Nd5 Bb7 8. Qe3+ Be7 9. Nxf6+ gxf6 10. Ne4 O-O 11. Ng3 Re8 12. Qh6 Bf8 13. Qh5 d5 14. e3 Re5 15. Qh4 Nc6 16. Bd3 f5 17. Qh5 dxc4 18. Bxc4 Qf6 19. O-O Qg6 20. Qxg6+ hxg6 21. b3 Na5 22. Bb2 Nxc4 23. bxc4 Ree8 24. Rfd1 Red8 25. Ne2 Be7 26. Nd4 a6 27. Rac1 c5 28. Nb3 Kf8 29. Be5 Ke8 30. Bc7 Rxd1+ 31. Rxd1 Bc6 32. Bb6 Ba4 33. Rd5 Bxb3 34. axb3 a5 35. Bxc5 Bxc5 36. Rxc5 a4 37. bxa4 Rxa4 38. g3 Ra1+ 39. Kg2 Rc1 40. Rc7 Kf8 41. c5 Kg7 42. Rb7 Rxc5 43. Rxb4 Kf6 44. h3 Rc2 45. Kf3 Rd2 46. Rb6+ Kg7 47. Kg2 Rc2 48. Rb4 Ra2 49. Rd4 Rb2 50. Rd1 Ra2 51. Re1 Rb2 52. Kf1 Ra2 53. Re2 Ra1+ 54. Kg2 Ra4 55. Rc2 Rb4 56. h4 Ra4 57. Re2 Rb4 58. f3 Rb3 59. Kh3 Ra3 60. g4 fxg4+ 61. Kxg4 Ra4+ 62. e4 Ra5 63. f4 f5+ 64. exf5 Rxf5 65. Re7+ Kh6 66. Re8 Ra5 67. Re6 Rb5 68. Re5 Rb1 69. Re8 Rg1+ 70. Kf3 Rf1+ 71. Ke4 Re1+ 72. Kf3 Rxe8 73. Kg4 Rf8 74. Kg3 Kh5 0-1


[Site "https://www.chess.com"]

[Event "Titled Tuesday Blitz January 10 Early 2023"]
[White "Mirzoev, Azer"]
[Black "Kazancev, Valerij M"]
[WhiteFideId "13400304"]
[BlackFideId "4179609"]
[WhiteElo "2416"]
[BlackElo "2313"]
[Result "0-1"]
[Round "06"]
[TimeControl "180+2"]
[Date "2023.01.10"]
[WhiteClock "0:00:05"]
[BlackClock "0:00:46"]

1. c4 g6 2. Nc3 Bg7 3. g3 h5 4. Bg2 h4 5. d3 c5 6. Bg5 d6 7. Bxh4 f6 8. f4 Nh6 9. Nf3 Nf5 10. Qd2 Nc6 11. e4 Nfd4 12. Nxd4 cxd4 13. Ne2 e5 14. O-O Bh6 15. Qe1 g5 16. fxg5 fxg5 17. Bf3 gxh4 18. Bh5+ Kd7 19. Rf7+ Ne7 20. Bg4+ Kc7 21. Bxc8 Rxc8 22. Qa5+ Kb8 23. Qxd8 Rcxd8 24. Rxe7 Be3+ 25. Kg2 h3+ 26. Kh1 Rdf8 27. Ng1 Rf2 28. Re6 Rxb2 29. Rxd6 Rg8 30. Rd7 Rf8 31. Rh7 Rxa2 32. Rd1 a5 33. Rxh3 a4 34. Rh7 a3 35. h4 Rff2 0-1


[Site "https://www.chess.com"]

[Event "Titled Tuesday Blitz January 10 Early 2023"]
[White "Hsu, Li Yang"]
[Black "Moskvin, Anatoly"]
[WhiteFideId "5800080"]
[BlackFideId "24199990"]
[WhiteElo "2427"]
[BlackElo "2189"]
[Result "1-0"]
[Round "06"]
[TimeControl "180+2"]
[Date "2023.01.10"]
[WhiteClock "0:00:37"]
[BlackClock "0:00:06"]

1. Nf3 d6 2. d4 Bg4 3. g3 Qd7 4. Nbd2 Bh3 5. Bxh3 Qxh3 6. c4 Nd7 7. Ne4 h6 8. Qb3 Rb8 9. Be3 e6 10. O-O-O b5 11. Nc3 b4 12. Nb5 Rb7 13. Rhg1 a6 14. g4 axb5 15. Rg3 Qxg3 16. hxg3 bxc4 17. Qxc4 Ngf6 18. Qc6 Rb8 19. g5 hxg5 20. Nxg5 Be7 21. Kb1 Nd5 22. Nf3 Rb6 23. Qa4 c6 24. Bd2 Nc3+ 25. bxc3 bxc3+ 26. Kc2 cxd2 27. Nxd2 O-O 28. Rb1 Rxb1 29. Nxb1 Nb6 30. Qa7 Nd7 1-0


[Site "https://www.chess.com"]

[Event "Titled Tuesday Blitz January 10 Early 2023"]
[White "Sai Han Thiha"]
[Black "Barrientos, Sergio E"]
[WhiteFideId "13012290"]
[BlackFideId "4401824"]
[WhiteElo "2070"]
[BlackElo "2479"]
[Result "1-0"]
[Round "06"]
[TimeControl "180+2"]
[Date "2023.01.10"]
[WhiteClock "0:00:21"]
[BlackClock "0:00:41"]

1. d4 Nf6 2. c4 g6 3. Nc3 d5 4. Nf3 Bg7 5. Qb3 dxc4 6. Qxc4 O-O 7. e4 Nc6 8. Be2 Bg4 9. d5 Bxf3 10. gxf3 Ne5 11. Qd4 Nh5 12. Qd1 Nf6 13. f4 Ned7 14. e5 Ne8 15. Be3 f6 16. e6 Nb6 17. a4 a6 18. a5 Nc8 19. f5 Ned6 20. fxg6 hxg6 21. h4 Nf5 22. h5 Nxe3 23. fxe3 g5 24. h6 Bh8 25. Bd3 f5 26. Qh5 Qe8 27. h7+ 1-0


[Site "https://www.chess.com"]

[Event "Titled Tuesday Blitz January 10 Early 2023"]
[White "Sreyas Payyappat"]
[Black "Godzwon, Iwo"]
[WhiteFideId "46674969"]
[BlackFideId "21802483"]
[WhiteElo "2076"]
[BlackElo "2394"]
[Result "0-1"]
[Round "06"]
[TimeControl "180+2"]
[Date "2023.01.10"]
[WhiteClock "0:00:02"]
[BlackClock "0:00:05"]

1. e4 c5 2. Nf3 Nc6 3. d4 cxd4 4. Nxd4 e6 5. Nc3 Qc7 6. Ndb5 Qb8 7. Be3 Nf6 8. Qd2 Bb4 9. a3 Nxe4 10. Qd3 Nxc3 11. bxc3 Be7 12. O-O-O d5 13. c4 dxc4 14. Qxc4 a6 15. Nd4 Bxa3+ 16. Kb1 O-O 17. Bd3 e5 18. Nb3 Be6 19. Qh4 f5 20. Bc4 Qe8 21. Nc5 Bxc5 22. Bxc5 Rf7 23. Rhe1 Rc8 24. Rd6 Bxc4 25. Qxc4 e4 26. Red1 h6 27. Qb3 Kh7 28. Re6 Qg8 29. Rdd6 Re8 30. Rg6 Rfe7 31. Qh3 Qf7 32. Rxh6+ gxh6 33. Qxh6+ Kg8 34. Rg6+ Qg7 35. Bxe7 Rxe7 36. Rxg7+ Rxg7 37. Qe6+ Rf7 38. h4 Kg7 39. h5 Ne7 40. h6+ Kf8 41. g3 Rh7 42. Qf6+ Ke8 43. Kc1 Rf7 0-1


[Site "https://www.chess.com"]

[Event "Titled Tuesday Blitz January 10 Early 2023"]
[White "Dudzinski, Pawel"]
[Black "Shuvalova, Polina"]
[WhiteFideId "1117890"]
[BlackFideId "24171760"]
[WhiteElo "2186"]
[BlackElo "2484"]
[Result "0-1"]
[Round "06"]
[TimeControl "180+2"]
[Date "2023.01.10"]
[WhiteClock "0:00:01"]
[BlackClock "0:01:20"]

1. e4 c6 2. d4 d5 3. exd5 cxd5 4. Bd3 Nc6 5. c3 Nf6 6. h3 e5 7. dxe5 Nxe5 8. Nf3 Nxd3+ 9. Qxd3 Bd6 10. O-O O-O 11. Bg5 h6 12. Bh4 g5 13. Bg3 Bxg3 14. fxg3 Ne4 15. Nd4 f5 16. Nd2 Bd7 17. g4 Nxd2 18. Qxd2 fxg4 19. Rxf8+ Qxf8 20. Rf1 Qd6 21. Nf5 Bxf5 22. Rxf5 gxh3 23. Rxd5 Qb6+ 24. Qd4 Qxd4+ 25. Rxd4 hxg2 26. Rd7 Re8 27. Rxb7 Re2 28. Rxa7 Rxb2 29. a4 Rc2 30. Rd7 Rxc3 31. a5 Ra3 32. Ra7 Ra2 0-1


[Site "https://www.chess.com"]

[Event "Titled Tuesday Blitz January 10 Early 2023"]
[White "Sokolovsky, Yahli"]
[Black "Girsh, Daniel"]
[WhiteFideId "2820242"]
[BlackFideId "30949190"]
[WhiteElo "2461"]
[BlackElo "2123"]
[Result "1-0"]
[Round "06"]
[TimeControl "180+2"]
[Date "2023.01.10"]
[WhiteClock "0:00:18"]
[BlackClock "0:00:10"]

1. b3 e5 2. Bb2 Nc6 3. e3 d5 4. Nf3 Bd6 5. c4 dxc4 6. Bxc4 Nf6 7. Nc3 O-O 8. O-O h6 9. d3 Qe7 10. a3 Bf5 11. b4 a6 12. h3 Rad8 13. Qe2 e4 14. dxe4 Nxe4 15. Nxe4 Bxe4 16. Nd2 Bg6 17. Nf3 Bh5 18. Rad1 Ne5 19. Bxe5 Bxe5 20. g4 Bg6 21. Nxe5 Qxe5 22. f4 Qc3 23. f5 Bh7 24. Bxf7+ Kxf7 25. Qa2+ Kf6 26. Qe6+ Kg5 27. Qe7+ Qf6 28. Qe4 Qb6 29. Qe7+ Qf6 30. Qxc7 Rxd1 31. Qf4+ Kh4 32. g5+ Kxh3 33. gxf6 Rxf1+ 34. Qxf1+ Kg4 35. fxg7 Rg8 36. f6 Kh5 37. e4 Kg5 38. e5 Kg6 39. e6 Rd8 40. e7 Rc8 41. Qd3+ Kxf6 42. Qxh7 Kxe7 43. g8=Q+ Kd6 44. Qxc8 h5 45. Qhd7+ Ke5 46. Qce8+ Kf4 47. Qdf7+ Kg3 48. Qeg8+ Kh3 49. Qf3+ Kh4 50. Qgg3# 1-0


[Site "https://www.chess.com"]

[Event "Titled Tuesday Blitz January 10 Early 2023"]
[White "Andreev, Konstantin"]
[Black "Taboas Rodriguez, Daniel"]
[WhiteFideId "24239305"]
[BlackFideId "2208466"]
[WhiteElo "2195"]
[BlackElo "2371"]
[Result "0-1"]
[Round "06"]
[TimeControl "180+2"]
[Date "2023.01.10"]
[WhiteClock "0:00:05"]
[BlackClock "0:00:43"]

1. e4 e5 2. Nf3 Nc6 3. Bc4 Nf6 4. d4 exd4 5. e5 d5 6. Bb5 Ne4 7. Nxd4 Bc5 8. O-O Bd7 9. Bxc6 bxc6 10. f3 Ng5 11. f4 Ne6 12. Be3 Bb6 13. f5 Nxd4 14. Bxd4 c5 15. Be3 Qe7 16. Qxd5 O-O 17. f6 Qe6 18. Qxe6 Bxe6 19. Nc3 c4 20. Kf2 Rfd8 21. Rfd1 Bg4 22. Rxd8+ Rxd8 23. h3 Rd2+ 24. Kg3 Bxe3 25. hxg4 h6 26. Kf3 Bd4 27. Ne4 Rxc2 28. Rd1 Bxe5 29. Rd8+ Kh7 30. Rd7 Kg6 31. fxg7 Kxg7 32. Rd5 Bxb2 33. Rc5 c3 34. Rxc7 Rc1 35. Nf2 c2 36. Rc5 Bd4 37. Rc4 Bxf2 38. Kxf2 Kf6 39. Kg3 Ke5 40. Rc7 a5 41. a4 Kd4 42. Rd7+ Kc3 43. Rc7+ Kb3 44. Rb7+ Kxa4 45. Rc7 Kb3 46. Rb7+ Kc3 47. Rc7+ Kd4 48. Rd7+ Ke5 49. Rc7 a4 50. Rc3 a3 51. Rxa3 Rb1 52. Ra5+ Kf6 53. Ra6+ Kg7 0-1


[Site "https://www.chess.com"]

[Event "Titled Tuesday Blitz January 10 Early 2023"]
[White "Dehtiarov, Roman"]
[Black "Jimenez, Joaquin"]
[WhiteFideId "14186640"]
[BlackFideId "109860"]
[WhiteElo "2289"]
[BlackElo "2195"]
[Result "1-0"]
[Round "06"]
[TimeControl "180+2"]
[Date "2023.01.10"]
[WhiteClock "0:00:47"]
[BlackClock "0:00:02"]

1. e4 e5 2. Nf3 Nc6 3. Bb5 a6 4. Ba4 Nf6 5. Nc3 b5 6. Bb3 Be7 7. d3 O-O 8. O-O d6 9. a4 b4 10. Nd5 Na5 11. Nxf6+ Bxf6 12. Ba2 Rb8 13. Bd2 c5 14. Bd5 Be6 15. Qe2 Qc7 16. Kh1 Nc6 17. Bxc6 Qxc6 18. b3 Qd7 19. Rae1 Kh8 20. h3 Be7 21. Nh2 f5 22. exf5 Bxf5 23. f4 Bf6 24. fxe5 Bxe5 25. Bf4 Bc3 26. Bd2 Rbe8 27. Qf2 Bd4 28. Be3 Bc3 29. Re2 Kg8 30. Bd2 Bxd2 31. Rxd2 Bxh3 32. Qg1 Qb7 33. d4 Rxf1 34. Qxf1 Rf8 35. Rf2 Rxf2 36. Qxf2 cxd4 37. Nf3 Bd7 38. Qxd4 Qc6 39. Qd3 Bg4 40. Nd4 Qd5 41. Qe3 h6 42. Qf4 Qh5+ 43. Kg1 d5 44. Qb8+ Kh7 45. Qxb4 Qe5 46. Qd2 Be6 47. b4 Bf7 48. c3 Bg6 49. b5 axb5 50. axb5 Qe4 51. Kf2 Qh4+ 52. Kg1 Qe4 53. Qe2 Qb1+ 54. Qf1 Qb2 55. Qf3 Qc1+ 56. Kh2 Qb1 57. Qg3 Qb2 58. Ne6 1-0


[Site "https://www.chess.com"]

[Event "Titled Tuesday Blitz January 10 Early 2023"]
[White "Kalajzic, Ivan"]
[Black "Blanco Ronquillo, Humberto L."]
[WhiteFideId "14506378"]
[BlackFideId "3504239"]
[WhiteElo "2062"]
[BlackElo "2442"]
[Result "0-1"]
[Round "06"]
[TimeControl "180+2"]
[Date "2023.01.10"]
[WhiteClock "0:00:01"]
[BlackClock "0:00:58"]

1. d4 Nf6 2. Nc3 d5 3. Bg5 Nbd7 4. e3 e6 5. f4 Be7 6. Nf3 b6 7. Bd3 Bb7 8. Ne5 Ne4 9. Bxe7 Qxe7 10. Nxe4 dxe4 11. Be2 Nxe5 12. fxe5 Qb4+ 13. Qd2 Qxb2 14. O-O Qa3 15. c4 O-O 16. Rab1 Rad8 17. Rb3 Qe7 18. c5 Bd5 19. Rc3 bxc5 20. Rxc5 c6 21. Qa5 Rb8 22. Rc2 Qg5 23. Rf4 Rb1+ 24. Bf1 Qe7 25. Rcf2 h6 26. h3 Rc1 27. Kh2 Rb1 28. Be2 Rb2 29. Bh5 Rxf2 30. Rxf2 Qg5 31. Bg4 Qxe3 32. Qd2 Qxd2 33. Rxd2 Rb8 34. Bh5 Rb4 35. Rf2 g6 36. Bd1 Rxd4 37. Bb3 e3 38. Re2 Re4 39. Bc2 Rxe5 40. Kg3 g5 41. h4 Kg7 42. hxg5 hxg5 43. Kg4 Bc4 44. Re1 e2 45. g3 f6 46. a4 Re3 47. a5 Bd5 48. Kh5 Bf3+ 0-1


[Site "https://www.chess.com"]

[Event "Titled Tuesday Blitz January 10 Early 2023"]
[White "Szpar, Milosz"]
[Black "Golizadeh, Asghar"]
[WhiteFideId "1184989"]
[BlackFideId "12505269"]
[WhiteElo "2447"]
[BlackElo "2455"]
[Result "0-1"]
[Round "06"]
[TimeControl "180+2"]
[Date "2023.01.10"]
[WhiteClock "0:00:06"]
[BlackClock "0:00:06"]

1. e4 c5 2. Nf3 e6 3. d4 cxd4 4. Nxd4 a6 5. Nc3 b5 6. Bd3 Bb7 7. O-O Nc6 8. Nxc6 Bxc6 9. Re1 Qb8 10. e5 Ne7 11. Bf4 Ng6 12. Bg3 Be7 13. Qh5 O-O 14. Ne4 Qa7 15. Ng5 Bxg5 16. Qxg5 Rac8 17. h4 h6 18. Qg4 Ne7 19. Bf4 Kh8 20. Re3 f5 21. exf6 Rxf6 22. Be5 Rf7 23. Qh5 Kg8 24. Bh7+ Kf8 25. g4 Bf3 26. a4 Qb6 27. axb5 Qxb5 28. Ra5 Qxa5 29. Bxg7+ Kxg7 30. Qxa5 Kxh7 31. g5 Rxc2 32. Qa1 Rc4 33. Qb1+ Ng6 34. h5 Bxh5 35. Rh3 Rg4+ 36. Kf1 Rxg5 37. Qd3 Rgf5 38. Rh2 Kg7 39. Rg2 Re5 40. Qd4 Rf5 41. Qxd7+ Kf6 42. Qd8+ Kf7 43. Qc7+ Ne7 44. Rg3 Rc5 45. Qd8 Bf3 46. Rxf3 Rxf3 47. Qd2 Rcf5 48. Qxh6 Rxf2+ 49. Ke1 Ng6 50. Qh7+ Kf6 51. Qg8 Rg2 52. Qd8+ Ke5 53. Qc7+ Kf6 54. Qc3+ Ne5 55. Qc8 Nd3+ 56. Kd1 Rf1# 0-1


[Site "https://www.chess.com"]

[Event "Titled Tuesday Blitz January 10 Early 2023"]
[White "Gutkin, Ilya"]
[Black "Piesik, Piotr"]
[WhiteFideId "16203470"]
[BlackFideId "1136194"]
[WhiteElo "2273"]
[BlackElo "2426"]
[Result "0-1"]
[Round "06"]
[TimeControl "180+2"]
[Date "2023.01.10"]
[WhiteClock "0:00:01"]
[BlackClock "0:01:30"]

1. Nf3 g6 2. e4 Bg7 3. d4 c6 4. Nc3 d6 5. a4 Nf6 6. h3 O-O 7. Bf4 Nbd7 8. Qd2 Nh5 9. Bh6 e5 10. dxe5 Nxe5 11. Nxe5 dxe5 12. Qxd8 Rxd8 13. Be3 Be6 14. g3 Bf8 15. Be2 Nf6 16. f3 Bb4 17. Kf2 a5 18. Rad1 Nd7 19. Nb1 Bc5 20. Nd2 Bxe3+ 21. Kxe3 Nb6 22. b3 Kf8 23. h4 Ke7 24. h5 g5 25. Kf2 Rd4 26. Nf1 Rxd1 27. Bxd1 Rd8 28. Ne3 Kd6 29. Be2 Kc5 30. Rd1 Rxd1 31. Nxd1 Kd4 32. Ke1 g4 33. Kd2 gxf3 34. Bxf3 h6 35. c3+ Kc5 36. Kc2 Nd7 37. Ne3 Nf6 38. Kb2 b5 39. axb5 cxb5 40. Ka3 b4+ 41. cxb4+ axb4+ 42. Ka4 Nd7 43. Bg4 Nb6+ 44. Ka5 Bxb3 45. Nf5 Nc4+ 0-1


[Site "https://www.chess.com"]